 Dungeon Crawl Stone Soup version 0.19.0-19-g8c6edcc (webtiles) character file.

69533 Gargoyl the Envoy of Void (level 14, -2/109 HPs)
             Began as a Demonspawn Abyssal Knight on Nov 14, 2016.
             Was a High Priest of Lugonu.
             Killed from afar by Nikola (13 damage)
             ... with a chain lightning
             ... on level 2 of the Snake Pit on Nov 15, 2016.
             The game lasted 00:53:54 (24677 turns).

Gargoyl the Envoy of Void (DsAK)                   Turns: 24677, Time: 00:53:55

Health: -2/109     AC: 34    Str: 20 (21) XL:     14   Next: 90%
Magic:  19/24      EV: 11    Int: 12 (14) God:    Lugonu [*****.]
Gold:   1644       SH: 16    Dex: 12      Spells: 0 memorised, 13 levels left

rFire  . . .     SeeInvis .     X - +4 war axe (elec)
rCold  + . .     Gourm    .     t - +2 plate armour {rC+}
rNeg   + . .     Faith    .     N - +1 shield {rN+}
rPois  +         Spirit   .     j - +2 hat
rElec  .         Reflect  +     q - +2 cloak
rCorr  .         Harm     .     w - +2 pair of gloves
MR     +....                    u - +2 pair of boots
Stlth  ..........               L - +4 amulet of reflection
                                Q - +3 ring of strength
                                U - +4 ring of evasion

@: no status effects
A: antennae 1, slimy green scales 3, demonic guardian 2, spiny 1
a: Depart the Abyss, Bend Space, Banish, Corrupt, Enter the Abyss, Renounce
Religion


You were on level 2 of the Snake Pit.
You worshipped Lugonu.
Lugonu was extremely pleased with you.
You were not hungry.

You visited 4 branches of the dungeon, and saw 20 of its levels.
You visited the Abyss 1 time.
You also visited: Labyrinth, Sewer and Ice Cave.

You collected 2555 gold pieces.
You spent 911 gold pieces at shops.

Inventory:

Hand Weapons
 n - a +4 trident
 X - a +4 war axe of electrocution (weapon)
 Y - a +0 war axe of chopping
Missiles
 i - 5 javelins (quivered)
Armour
 a - a +2 large shield of reflection
 j - a +2 hat (worn)
 q - a +2 cloak (worn)
 t - a +2 plate armour of cold resistance (worn)
 u - a +2 pair of boots (worn)
 w - a +2 pair of gloves (worn)
 N - a +1 shield of positive energy (worn)
Jewellery
 r - an uncursed ring of protection from fire
 D - an uncursed ring of protection from cold
 L - a +4 amulet of reflection (around neck)
 Q - a +3 ring of strength (right hand)
 R - an uncursed ring of flight
 U - a +4 ring of evasion (left hand)
Wands
 e - a wand of paralysis (4/24)
 p - a wand of digging (10/24)
 I - a wand of disintegration (13/24)
 K - a wand of flame (11/48)
 O - a wand of lightning (15/15)
 S - a wand of digging (20/24)
Scrolls
 m - 4 scrolls of blinking
 y - a scroll of fog
 A - 13 scrolls of teleportation
 C - 2 scrolls of recharging
 J - 2 scrolls of fear
 P - 4 scrolls of remove curse
 T - 5 scrolls of identify
Potions
 b - 2 potions of haste
 k - a potion of heal wounds
 l - 3 potions of might
 s - a potion of cancellation
 x - 11 potions of curing
 z - 3 potions of ambrosia
 E - a potion of agility
 F - 10 potions of flight
 H - a potion of magic
Books
 B - a book of the Warp

   Spells                             Type                      Level
   a - Gell's Gravitas                Hexes/Translocation          3
   b - Portal Projectile              Translocation                3
   c - Force Lance                    Conjuration/Translocation    4
   d - Dispersal                      Translocation                6
   e - Controlled Blink               Translocation                8
   f - Disjunction                    Translocation                8
Miscellaneous
 g - a box of beasts
Comestibles
 c - 10 bread rations
 d - 2 royal jellies
 f - a fruit
 o - 7 meat rations
 G - a beef jerky
 M - 9 slices of pizza


   Skills:
 + Level 9.9 Fighting
 + Level 13.3 Axes
 * Level 12.9 Armour
 + Level 4.0 Dodging
 + Level 8.4 Shields
 * Level 14.2 Invocations


You had 13 spell levels left.
You didn't know any spells.

Dungeon Overview and Level Annotations

Branches:
Dungeon (10/15)            Temple (0/1) D:4            Lair (6/6) D:10
 Shoals (0/4) Lair:2        Snake (2/4) Lair:3        Slime (0/5) Lair:6
    Orc (2/2) D:10            Elf (0/3) Orc:2

Altars:
Dithmenos
Makhleb
Okawaru
Beogh
Jiyva

Shops:
Orc:2 %*[[

Portals:
Hell: Lair:6

Annotations:
Lair:6 1 runed door
Snake:2 Nikola


Innate Abilities, Weirdness & Mutations

You have a pair of small antennae on your head.
You are completely covered in slimy green scales. (AC +4, rPois)
A demonic guardian rushes to your aid.
You are partially covered in sharp spines.


Message History

* * * LOW HITPOINT WARNING * * *
You feel much better.
You feel much better. Nikola barely misses you.
You slash Nikola!
Nikola is heavily wounded.
Nikola misses you.
You hit Nikola but do no damage.
Nikola is heavily wounded.
Nikola is struck by your spines. Nikola hits you but does no damage.
You closely miss Nikola.
Nikola is heavily wounded.
You slash Nikola!
Nikola is severely wounded.
Nikola mumbles some strange words.
You hear a mighty clap of thunder!
The lightning arc hits you!
The lightning arc hits Nikola.
The lightning arc hits you!
* * * LOW HITPOINT WARNING * * *
The lightning arc hits Nikola.
The lightning arc hits you!
You die...

#####################
#............##.....#
#.............'.....#
#......>.....##.....#
#............##@@...#
#################.###
#'# ..@.......#
..........#
#.#.......# ##......#
#......# #......#


You could see Nikola.

Vanquished Creatures
  The ghost of 2d6 the Fighter, a journeyman FoCK of Xom (Lair:3)
  A dire elephant (Lair:6)
  A minotaur (Lab)
  3 naga warriors (Snake:1)
  An anaconda (Snake:1)
  Erica (D:9)
  4 naga sharpshooters (Snake:1)
  A sixfirhy (Lair:6)
  2 unseen horrors (D:10)
  A wizard (Lair:6)
  3 mana vipers
  An orc knight (D:10)
  A necromancer (IceCv)
  7 orc sorcerers
  A salamander (Snake:1)
  6 elephants
  2 guardian serpents (Snake:1)
  20 black mambas
  2 naga magi (Snake:1)
  An ice statue (IceCv)
  A smoke demon (Lair:6)
  3 orange demons (Lair:6)
  12 spiny frogs
  A torpor snail (Lair:6)
  4 rime drakes
  9 freezing wraiths (IceCv)
  A hellwing (Lair:6)
  4 komodo dragons
  The ghost of Mandevil the Cudgeler, an amateur OgAM of the Shining One (D:5)
  3 ice devils (Lair:6)
  3 polar bears (Lair:2)
  2 hornets (Lair:5)
  2 two-headed ogres
  3 dream sheep
  10 blink frogs
  7 hippogriffs
  A basilisk (Lair:3)
  31 yaks
  A hungry ghost (D:7)
  A hog (D:9)
  A death yak simulacrum (IceCv)
  8 wargs
  Edmund (D:6)
  9 nagas (Snake:1)
  8 water moccasins
  6 porcupines
  12 orc warriors
  6 ice beasts (IceCv)
  6 black bears (Lair:2)
  3 sky beasts
  3 phantoms
  20 wolves
  8 ogres
  4 centaurs
  14 crocodiles
  11 bullfrogs
  A gnoll sergeant (D:9)
  4 wights (D:10)
  A lava snake (Lair:5)
  4 crimson imps
  The ghost of Delusion the Scratcher, a weakling FeWn (D:4)
  A draconian simulacrum (IceCv)
  2 bullfrog zombies
  8 hounds
  15 orc priests
  3 quasits
  3 jellies
  Crazy Yiuf (D:6)
  Jessica (D:2)
  3 iguanas
  5 worker ants
  Natasha (thrice) (D:3)
  33 orc wizards
  A polar bear simulacrum (IceCv)
  A spriggan simulacrum (IceCv)
  4 hell rats (Lair:3)
  2 sirens
  A worker ant (shapeshifter) (Orc:1)
  5 troll simulacra (IceCv)
  2 wolf simulacra (IceCv)
  4 centaur simulacra (IceCv)
  A hound zombie (D:7)
  A hound skeleton (D:9)
  A worker ant zombie (D:8)
  Robin (D:2)
  22 adders
  14 gnolls
  2 river rats (Sewer)
  4 naga simulacra (IceCv)
  3 ogre simulacra (IceCv)
  A shadow imp (D:5)
  12 white imps (IceCv)
  An adder skeleton (D:5)
  2 dart slugs
  7 leopard geckos
  82 orcs
  5 giant cockroaches
  13 goblins
  8 hobgoblins
  4 jackals
  2 quokkas
  9 ball pythons
  10 bats
  6 frilled lizards
  5 kobolds
  2 leopard gecko skeletons
  A quokka skeleton (D:8)
  31 rats
  4 fungi
  2 plants
645 creatures vanquished.

Vanquished Creatures (collateral kills)
  Snorg (D:10)
  A naga sharpshooter (Snake:1)
  A naga ritualist (Snake:2)
  A hill giant (D:7)
  2 orc sorcerers (Orc:2)
  A mana viper (Snake:2)
  5 elephants
  Joseph (D:8)
  2 black mambas
  A guardian serpent (Snake:1)
  Psyche (D:9)
  An orange demon (Lair:6)
  A spiny frog (Lair:1)
  A komodo dragon (Lair:4)
  A freezing wraith (IceCv)
  2 polar bears
  Grinder (D:6)
  6 blink frogs
  Prince Ribbit (D:6)
  9 dream sheep
  The ghost of loom the Conjurer, an amateur DECj (Sewer)
  A hog (D:9)
  Eustachio (D:6)
  A human (D:9)
  13 yaks
  A warg (Lair:1)
  2 nagas
  A water moccasin (Lair:1)
  2 orc warriors
  3 ogres
  3 crocodiles
  A bullfrog (D:7)
  A howler monkey (D:4)
  2 crimson imps
  A draconian simulacrum (IceCv)
  An iguana (D:10)
  7 orc wizards
  A worker ant (D:4)
  A merfolk avatar (Sewer)
  A centaur simulacrum (IceCv)
  An ooze (D:4)
  9 orcs
  A frilled lizard (D:4)
  A rat (D:4)
97 creatures vanquished.

Vanquished Creatures (others)
  4 hydras
  An orc wizard (Orc:2)
  A fire vortex (Lair:5)
  9 fungi
  9 plants
24 creatures vanquished.

Grand Total: 766 creatures vanquished

Notes
Turn   | Place    | Note
-------+----------+-------------------------------------------
     0 | Abyss:1  | Gargoyl the Demonspawn Abyssal Knight began the quest for the Orb.
     0 | Abyss:1  | Reached XP level 1. HP: 18/18 MP: 2/2
    34 | Abyss:2  | Found a corrupted altar of Lugonu.
    73 | Abyss:2  | Noticed a fire giant skeleton
    76 | Abyss:2  | Noticed a large abomination
    78 | Abyss:2  | Noticed a small abomination
    92 | D:1      | Escaped the Abyss
   550 | D:1      | Gained mutation: You are partially covered in sharp spines. [demonic ancestry]
   550 | D:1      | Reached XP level 2. HP: 21/24 MP: 3/3
   618 | D:1      | Reached * piety under Lugonu
   986 | D:2      | Reached XP level 3. HP: 23/29 MP: 4/4
  1253 | D:2      | Reached skill level 1 in Dodging
  1419 | D:2      | Noticed Jessica
  1430 | D:2      | Killed Jessica
  1430 | D:2      | Gained mutation: You are partially covered in slimy green scales. (AC +2) [demonic ancestry]
  1430 | D:2      | Reached XP level 4. HP: 36/36 MP: 5/5
  1464 | D:2      | Noticed Robin
  1472 | D:2      | Killed Robin
  1637 | D:3      | Reached ** piety under Lugonu
  1685 | D:3      | Noticed Natasha
  1700 | D:3      | Killed Natasha
  1700 | D:3      | Reached skill level 3 in Invocations
  1700 | D:3      | Gained mutation: A weak demonic guardian rushes to your aid. [demonic ancestry]
  1700 | D:3      | Reached XP level 5. HP: 4/41 MP: 5/7
  2435 | D:3      | Noticed Natasha
  2441 | D:3      | Gained mutation: A demonic guardian rushes to your aid. [demonic ancestry]
  2441 | D:3      | Reached XP level 6. HP: 43/48 MP: 8/8
  2452 | D:3      | Killed Natasha
  2631 | D:3      | Noticed Natasha
  2639 | D:3      | Killed Natasha
  2829 | D:4      | Reached skill level 4 in Invocations
  2830 | D:4      | Found a glowing drain.
  2840 | Sewer    | Entered a sewer
  2851 | Sewer    | Noticed loom's ghost (amateur DECj)
  2862 | Sewer    | Killed loom's ghost
  2862 | Sewer    | Reached XP level 7. HP: 50/54 MP: 10/10
  2956 | Sewer    | Reached *** piety under Lugonu
  3205 | D:4      | Found a staircase to the Ecumenical Temple.
  3413 | D:4      | Reached skill level 5 in Axes
  3487 | D:4      | Noticed Delusion's ghost (weakling FeWn)
  3489 | D:4      | Reached **** piety under Lugonu
  3489 | D:4      | Reached skill level 5 in Invocations
  3493 | D:4      | Killed Delusion's ghost
  3902 | D:5      | Entered Level 5 of the Dungeon
  4114 | D:5      | Reached skill level 5 in Armour
  4323 | D:5      | Reached XP level 8. HP: 61/61 MP: 11/11
  4382 | D:5      | Noticed Mandevil's ghost (amateur OgAM)
  4400 | D:5      | Killed Mandevil's ghost
  4457 | D:5      | Found an iron altar of Okawaru.
  5204 | D:6      | Noticed Eustachio
  5207 | D:6      | Killed Eustachio
  5208 | D:6      | Noticed Prince Ribbit
  5213 | D:6      | Killed Prince Ribbit
  5226 | D:6      | Noticed Grinder
  5235 | D:6      | Killed Grinder
  5235 | D:6      | Reached skill level 5 in Fighting
  5235 | D:6      | Reached skill level 6 in Invocations
  5322 | D:6      | Noticed Edmund
  5333 | D:6      | Killed Edmund
  5333 | D:6      | Reached XP level 9. HP: 50/68 MP: 13/13
  5533 | D:6      | Found a shadowy altar of Dithmenos.
  5868 | D:6      | Found a runed door.
  5872 | D:6      | Noticed Crazy Yiuf
  5875 | D:6      | Killed Crazy Yiuf
  6085 | D:7      | Noticed a hill giant
  6091 | D:7      | Killed a hill giant
  6095 | D:7      | Reached ***** piety under Lugonu
  6095 | D:7      | Reached skill level 7 in Invocations
  7696 | D:8      | Noticed Joseph
  7702 | D:8      | Killed Joseph
  7836 | D:9      | Gained mutation: You are mostly covered in slimy green scales. (AC +3) [demonic ancestry]
  7836 | D:9      | Reached XP level 10. HP: 71/74 MP: 15/15
  7939 | D:9      | Noticed Psyche
  7943 | D:9      | Killed Psyche
  8428 | D:9      | Reached skill level 8 in Invocations
  8871 | D:9      | Noticed Erica
  8893 | D:9      | Killed Erica
  8893 | D:9      | Reached skill level 1 in Shields
  9203 | D:10     | Entered Level 10 of the Dungeon
  9227 | D:10     | Killed an unseen horror
  9277 | D:10     | Noticed an elephant
  9277 | D:10     | Found a staircase to the Lair.
  9291 | D:10     | Killed an elephant
  9569 | D:10     | Gained mutation: You are completely covered in slimy green scales. (AC +4, rPois) [demonic ancestry]
  9569 | D:10     | Reached XP level 11. HP: 83/83 MP: 17/17
  9639 | D:10     | Noticed Snorg
  9645 | D:10     | Killed Snorg
  9784 | D:10     | Reached skill level 9 in Invocations
  9807 | D:10     | Found a roughly hewn altar of Beogh.
  9807 | D:10     | Found a staircase to the Orcish Mines.
  9808 | D:10     | Noticed an orc knight
  9816 | Lair:1   | Entered Level 1 of the Lair of Beasts
  9959 | D:10     | Killed an orc knight
 10775 | Orc:1    | Entered Level 1 of the Orcish Mines
 10775 | Orc:1    | Noticed an orc sorcerer
 10779 | Orc:1    | Paralysed by an orc sorcerer for 5 turns
 10784 | Orc:1    | Killed an orc sorcerer
 10784 | Orc:1    | Reached skill level 10 in Armour
 11074 | D:10     | Killed an unseen horror
 11535 | Orc:1    | Found a roughly hewn altar of Beogh.
 11724 | Orc:2    | Entered Level 2 of the Orcish Mines
 11747 | Orc:2    | Noticed an orc sorcerer
 11755 | Orc:2    | Killed an orc sorcerer
 11759 | Orc:2    | Reached ****** piety under Lugonu
 12118 | Orc:2    | Noticed an orc sorcerer
 12125 | Orc:2    | Killed an orc sorcerer
 12132 | Orc:2    | Noticed an orc sorcerer
 12389 | Orc:2    | Killed an orc sorcerer
 12422 | Orc:2    | Reached skill level 10 in Invocations
 12757 | Orc:2    | Found a staircase to the Elven Halls.
 12807 | Orc:2    | Found Syolojig's Armour Emporium.
 12927 | Orc:2    | Found Ehaex's Antique Armour Boutique.
 12927 | Orc:2    | Noticed an orc sorcerer
 12943 | Orc:2    | Killed an orc sorcerer
 13115 | Orc:2    | Bought a shiny plate armour for 725 gold pieces
 13171 | Orc:2    | Found Fiajir's Food Boutique.
 13171 | Orc:2    | Noticed an orc sorcerer
 13176 | Orc:2    | Killed an orc sorcerer
 13176 | Orc:2    | Reached skill level 10 in Axes
 13205 | Orc:2    | Found Pibuz's Assorted Antiques.
 13205 | Orc:2    | Noticed an orc sorcerer
 13205 | Orc:2    | Noticed an orc sorcerer
 13211 | Orc:2    | Killed an orc sorcerer
 13218 | Orc:2    | Noticed a soul eater
 13222 | Orc:2    | Killed an orc sorcerer
 13222 | Orc:2    | Reached XP level 12. HP: 34/91 MP: 19/19
 13490 | Orc:2    | Bought a potion of curing for 93 gold pieces
 13490 | Orc:2    | Bought a potion of curing for 93 gold pieces
 13537 | Orc:2    | Found a roughly hewn altar of Beogh.
 13921 | Lair:1   | Noticed a seven-headed hydra
 13932 | Lair:1   | Banished a seven-headed hydra
 14189 | Lair:1   | Reached skill level 11 in Invocations
 14610 | Lair:1   | Gained mutation: Your muscles are strong. (Str +2) [potion of mutation]
 14610 | Lair:1   | Gained mutation: Your spells are a little easier to cast, but a little less powerful. [potion of mutation]
 14612 | Lair:1   | Gained mutation: Your muscles are very strong. (Str +4) [potion of mutation]
 14612 | Lair:1   | Gained mutation: You tend to lose your temper in combat. [potion of mutation]
 14613 | Lair:1   | Gained mutation: You have large cloven feet. [potion of mutation]
 14613 | Lair:1   | Gained mutation: You have supernaturally acute eyesight. (SInv) [potion of mutation]
 14614 | Lair:1   | Lost mutation: Your muscles are very strong. (Str +4) [potion of cure mutation]
 14614 | Lair:1   | Lost mutation: Your muscles are strong. (Str +2) [potion of cure mutation]
 14614 | Lair:1   | Lost mutation: Your spells are a little easier to cast, but a little less powerful. [potion of cure mutation]
 14614 | Lair:1   | Lost mutation: You have supernaturally acute eyesight. (SInv) [potion of cure mutation]
 14615 | Lair:1   | Lost mutation: You have large cloven feet. [potion of cure mutation]
 14615 | Lair:1   | Lost mutation: You tend to lose your temper in combat. [potion of cure mutation]
 15322 | Lair:2   | Found a labyrinth entrance.
 15342 | Lab      | Entered a labyrinth
 15665 | Lab      | Noticed a minotaur
 15674 | Lab      | Killed a minotaur
 15680 | Lab      | Identified Memiot's Catalogue of Translocation and Good Luck
 15682 | Lab      | Got a dazzling flail
 15705 | Lair:2   | Identified the +1 flail of Zurorhup {holy, rPois MR+ Int-3} (You found it in a labyrinth)
 15838 | Lair:2   | Reached skill level 5 in Shields
 15867 | Lair:2   | Reached XP level 13. HP: 59/98 MP: 21/21
 16526 | Lair:2   | Found a staircase to the Shoals.
 16776 | Lair:3   | Found a staircase to the Snake Pit.
 16779 | Lair:3   | Noticed 2d6's ghost (journeyman FoCK)
 16827 | Lair:3   | Killed 2d6's ghost
 16827 | Lair:3   | Reached skill level 12 in Invocations
 18081 | Lair:4   | Found a frozen archway.
 18091 | IceCv    | Entered an ice cave
 18514 | IceCv    | Found an ancient bone altar of Kikubaaqudgha.
 20814 | Lair:6   | Entered Level 6 of the Lair of Beasts
 20825 | Lair:6   | Reached skill level 13 in Invocations
 20947 | Lair:6   | Noticed a dire elephant
 20958 | Lair:6   | Killed a dire elephant
 21047 | Lair:6   | Found a burning altar of Makhleb.
 21059 | Lair:6   | Gained mutation: You have a pair of small antennae on your head. [demonic ancestry]
 21059 | Lair:6   | Reached XP level 14. HP: 66/108 MP: 23/23
 22171 | Lair:6   | Found a runed door.
 22171 | Lair:6   | Found a viscous altar of Jiyva.
 22171 | Lair:6   | Noticed an azure jelly
 22171 | Lair:6   | Noticed an azure jelly
 22172 | Lair:6   | Found a staircase to the Slime Pits.
 22172 | Lair:6   | Noticed an azure jelly
 22172 | Lair:6   | Noticed an azure jelly
 22199 | Lair:6   | Identified a scroll of acquirement
 22200 | Lair:6   | Got a twisted buckler
 22201 | Lair:6   | Identified the +3 buckler of Joy {*Drain rN++ Str+4 Stlth+} (You acquired it on level 6 of the Lair of Beasts)
 22625 | Lair:6   | Found a gateway to Hell.
 22633 | Lair:6   | Got a transparent glass ring
 22636 | Lair:6   | Identified the ring of Youthful Indiscretion {Ice MR- Str+4 Dex+4} (You found it on level 6 of the Lair of Beasts)
 22797 | Snake:1  | Entered Level 1 of the Snake Pit
 22850 | Snake:1  | Got a slimy war axe
 22851 | Snake:1  | Identified the +9 war axe of Circularity {chop, Str-3 Int+4} (You found it on level 1 of the Snake Pit)
 23747 | Snake:1  | Reached skill level 14 in Invocations
 24654 | Snake:2  | Noticed Nikola
 24677 | Snake:2  | Killed from afar by Nikola

Skill      XL: |  1  2  3  4  5  6  7  8  9 10 11 12 13 14 |
---------------+-------------------------------------------+-----
Armour         | 2 3 4 5 6 8 9 10 11 12 | 12.9
Axes           | 2 3 4 5 6 7 8 10 11 12 13 | 13.3
Dodging        | 1 2 3 4 |  4.0
Invocations    | 3 4 5 6 7 8 10 11 13 14 | 14.2
Fighting       | 4 5 6 7 8 9 |  9.9
Shields        | 1 3 5 6 8 |  8.4

Action                   |  1- 3 |  4- 6 |  7- 9 | 10-12 | 13-15 || total
-------------------------+-------+-------+-------+-------+-------++-------
Melee: Hand axe          |    83 |   102 |   375 |   346 |       ||   906
       War axe           |       |       |       |   339 |   669 ||  1008
Throw: Javelin           |       |       |       |     2 |       ||     2
Invok: Depart the Abyss  |     1 |       |       |       |       ||     1
       Banish            |       |       |       |     3 |     6 ||     9
Evoke: Wand              |       |       |       |       |     1 ||     1
  Use: Potion            |       |     2 |     2 |    11 |     8 ||    23
       Scroll            |       |     1 |    17 |     8 |    11 ||    37
 Stab: Petrified         |       |       |     5 |     1 |       ||     6
       Paralysed         |       |       |     3 |     3 |       ||     6
       Petrifying        |       |       |     2 |       |       ||     2
       Confused          |       |       |       |     1 |       ||     1
       Invisible         |       |       |       |     1 |       ||     1
       Distracted        |       |       |       |       |     1 ||     1
  Eat: Chunk             |     1 |     5 |    14 |    21 |    17 ||    58
       Meat ration       |       |       |     1 |       |       ||     1
       Bread ration      |       |       |       |     1 |       ||     1
       Fruit             |       |       |       |     7 |       ||     7
       Beef jerky        |       |       |       |       |     5 ||     5
       Pizza             |       |       |       |       |     1 ||     1
Armor: Ring mail         |     9 |       |       |       |       ||     9
       Leather armour    |     1 |       |       |       |       ||     1
       Scale mail        |    25 |    35 |       |       |       ||    60
       Skin              |       |     1 |       |       |       ||     1
       Chain mail        |       |    66 |   239 |   174 |       ||   479
       Plate armour      |       |       |       |   338 |   492 ||   830
Dodge: Dodged            |    39 |    83 |   135 |   216 |   168 ||   641
Block: Other             |       |       |    14 |     1 |       ||    15
       Reflection        |       |       |     6 |     4 |    30 ||    40
       Buckler           |       |       |       |   274 |       ||   274
       Shield            |       |       |       |    25 |   633 ||   658
